Map: Vaani Research Station (Void)

Players

Azure

  • Race: Terran Terran
  • League: Master
  • Spawn Location: 6:00

ViBE - Winner!

  • Race: Zerg Zerg
  • League: Master
  • Spawn Location: 12:00

Event: The PiG Daily 96

VOD

https://www.youtube.com/watch?v=C7vAs01GFmI

Description

Time

  • Played on: Nov. 29, 2016, 9:36 p.m.
  • Length: 27:30
Show
View Real Time Build Order
Export as new Build Order

Azure Terran 

Build Orders: MMM Bio 

Get SALT Encoding   

  12  0:00  SCV  
  13  0:13  SCV  
  14  0:18  Supply Depot  
  14  0:25  SCV  
  15  0:40  SCV  
  15  0:41  Barracks  
  16  0:46  Refinery  
  16  0:52  SCV  
  17  1:01  Barracks  
  17  1:04  SCV  
  18  1:16  SCV  
  19  1:28  Orbital Command  
  19  1:30  Reaper  
  20  1:36  Barracks  
  20  1:49  Reaper  
  20  1:51  Refinery  
  20  1:54  Supply Depot  
  21  1:57  SCV  
  22  2:06  Reaper  
  23  2:15  SCV  
  23  2:22  Reaper  
  25  2:27  SCV  
  25  2:28  Supply Depot  
  25  2:29  Reaper  
  27  2:40  Reaper, SCV  
  29  2:54  Reaper, SCV  
  31  2:59  Command Center  
  31  3:01  Reaper  
  32  3:09  SCV  
  33  3:13  Reaper  
  33  3:18  Supply Depot  
  34  3:26  Reaper  
  35  3:27  SCV  
  35  3:33  Reaper  
  37  3:45  Reaper  
  38  3:58  Reaper  
  38  3:59  Supply Depot  
  39  4:05  Reaper  
  41  4:17  Reaper  
  41  4:18  SCV  
  41  4:23  Command Center  
  42  4:28  SCV  
  42  4:30  Reaper  
  42  4:31  SCV  
  46  4:45  Orbital Command  
  46  4:48  SCV  
  48  5:00  SCV  
  49  5:07  Barracks Tech Lab x2  
  49  5:09  Barracks Reactor x2  
  49  5:12  SCV x2  
  49  5:14  Factory, Refinery  
  49  5:15  Supply Depot  
  49  5:24  SCV x2  
  51  5:32  Marine  
  51  5:33  Stimpack  
  51  5:36  SCV x2  
  53  5:45  Marine x3  
  53  5:46  Marine  
  53  5:47  Orbital Command  
  53  5:48  SCV x2  
  58  5:57  Marine  
  58  5:59  Starport  
  58  6:00  Factory Reactor, SCV x2  
  58  6:02  Marine  
  58  6:03  Engineering Bay, Marine, Barracks  
  63  6:05  Engineering Bay, Barracks  
  53  6:20  SCV  
  53  6:22  Marine x5  
  55  6:25  SCV  
  55  6:28  Refinery  
  55  6:30  Terran Infantry Weapons Level 1  
  55  6:32  Supply Depot  
  56  6:33  Terran Infantry Armor Level 1  
  56  6:39  Marine, SCV  
  57  6:40  Marine x2  
  57  6:41  Marine x2  
  57  6:43  Medivac  
  57  6:44  Medivac, Widow Mine  
  68  6:51  Supply Depot  
  68  6:53  Barracks Reactor  
  68  6:54  Supply Depot, Barracks Reactor  
  68  6:57  Marine, SCV  
  68  7:01  Marine x4  
  74  7:13  SCV  
  74  7:15  Marine  
  74  7:18  Marine  
  74  7:19  Marine  
  74  7:20  Orbital Command  
  74  7:22  Marine x2  
  77  7:24  Widow Mine, SCV  
  77  7:25  Medivac x2  
  86  7:30  Marine  
  86  7:31  Marine x3  
  86  7:33  Marine  
  86  7:36  Marine  
  92  7:43  SCV x2  
  94  7:44  Marine x3  
  94  7:46  SCV  
  94  7:50  Marine x2  
  100  7:55  SCV  
  100  7:56  Marine x2  
  103  8:02  SCV  
  103  8:03  Marine x2  
  103  8:04  Marine x2  
  103  8:05  SCV  
  109  8:09  SCV  
  108  8:15  Combat Shields  
  108  8:17  Barracks  
  108  8:18  Barracks  
  104  8:24  SCV  
  104  8:25  Marine x3  
  99  8:27  Medivac x2  
  99  8:28  Barracks  
  99  8:32  SCV  
  104  8:36  SCV  
  104  8:37  Marine x3  
  104  8:38  Marine x2  
  104  8:39  Factory Tech Lab  
  110  8:48  Marine x2  
  110  8:49  Marine x2, Supply Depot  
  110  8:50  Supply Depot  
  110  8:51  Supply Depot x2  
  110  8:52  SCV  
  110  8:55  Marine x2  
  117  9:10  Barracks Tech Lab  
  117  9:11  Marine x2, Barracks Tech Lab, Marauder  
  117  9:15  Command Center  
  121  9:17  Barracks Reactor  
  121  9:20  Marine, Supply Depot  
  121  9:21  Marine x4, Siege Tank, Supply Depot  
  121  9:22  Supply Depot x2  
  129  9:28  Marine x2  
  131  9:32  Marauder  
  131  9:36  Marine, Marauder x2  
  138  9:38  Marine  
  139  9:49  Marine x3  
  139  9:52  Medivac x2  
  145  9:54  Siege Tank, Marauder  
  145  9:57  Supply Depot x2, Marauder x2  
  145  9:59  Armory  
  154  10:04  Marine  
  154  10:05  Marine x2  
  157  10:15  Marine, Marauder  
  157  10:16  Marine x2  
  157  10:17  Marine  
  157  10:18  Marauder  
  157  10:19  Marauder  
  167  10:24  Marine x3  
  170  10:37  Marine, Marauder  
  170  10:38  Marine x3  
  170  10:39  Marine x3  
  170  10:40  Marauder x2  
  183  10:51  Terran Infantry Armor Level 2, Terran Infantry Weapons Level 2  
  183  10:53  Siege Tank, Terran Vehicle Weapons Level 1  
  186  10:58  Factory, Marauder  
  186  11:02  Marine x2  
  186  11:03  Marine, Marauder  
  193  11:05  Marine x2  
  193  11:07  Marine  
  193  11:10  Marine  
  193  11:11  Marauder  
  199  11:15  Planetary Fortress  
  199  11:18  Marine  
  199  11:42  Marine x4, Marauder  
  199  11:45  Factory Tech Lab  
  196  12:16  Marine  
  196  12:17  Marine, Marauder  
  200  12:27  Marine  
  197  12:34  Siege Tank  
  198  12:39  Command Center  
  198  12:42  Refinery, Command Center  
  198  12:43  Refinery  
  198  13:10  Marine  
  198  13:11  Marauder  
  134  13:12  Marine  
  134  13:13  Marine, Marauder  
  134  13:15  Marine x2, Marauder  
  134  13:17  Marine x4  
  134  13:18  Siege Tank x2, Marine  
  137  13:28  Marine  
  137  13:30  Marine  
  137  13:32  Marine, Marauder  
  137  13:33  Marine  
  143  13:34  Marauder  
  143  13:37  Marauder  
  141  13:45  Marine x5  
  141  13:47  Marine x2  
  141  13:48  Marine  
  128  13:51  Marine  
  128  13:53  Marauder  
  124  13:56  Marine, Marauder  
  124  13:58  Marauder  
  124  13:59  Orbital Command  
  124  14:00  Siege Tank  
  124  14:01  Siege Tank  
  135  14:03  Marine x5  
  135  14:05  Marine x2  
  135  14:06  Marine  
  135  14:09  Marine  
  144  14:13  Marine  
  144  14:15  Marauder  
  147  14:17  Marauder  
  147  14:19  Marauder  
  147  14:20  Marine, Medivac x2  
  147  14:21  Marine x4  
  147  14:23  Marine x2  
  147  14:24  Marine  
  162  14:26  Marine  
  164  14:31  Marine  
  164  14:33  Siege Tank x2, Planetary Fortress  
  164  14:36  Marauder  
  173  14:38  Marine x2  
  173  14:39  Marine x3, Marauder  
  173  14:41  Marine, Marauder  
  173  14:44  Fusion Core  
  173  14:45  Starport  
  183  14:48  Starport  
  183  14:49  Marine x3  
  186  14:57  Marine  
  186  14:58  Marine x3, Marauder  
  189  15:00  Marauder  
  189  15:03  Marine x2  
  189  15:04  Marauder  
  195  15:11  Refinery x2  
  195  15:20  Terran Infantry Armor Level 3, Starport, Terran Infantry Weapons Level 3  
  195  15:22  Starport  
  195  15:24  Terran Vehicle And Ship Armor Level 1  
  195  15:38  Starport Tech Lab  
  195  15:39  Starport Tech Lab  
  187  16:08  Starport Tech Lab x2  
  187  16:09  Battlecruiser x2  
  199  16:16  Refinery  
  199  16:17  Refinery  
  129  16:48  Battlecruiser x2  
  129  16:49  Marine x2, Marauder x2  
  129  16:52  Marine x3, Marauder  
  108  16:54  Marine x5  
  103  17:07  Marine x2  
  105  17:09  Siege Tank  
  105  17:10  Marine x3, Siege Tank  
  105  17:11  Marauder x2  
  105  17:12  Marine x2  
  105  17:13  Marine x2  
  121  17:18  Armory  
  121  17:25  Battlecruiser  
  121  17:26  Marine  
  121  17:28  Marine  
  129  17:30  Marine  
  129  17:31  Marauder, Liberator  
  129  17:35  Marine, Marauder  
  135  17:39  Marine  
  136  17:50  Marine  
  136  17:51  Marine, Marauder  
  141  17:56  Marine  
  141  17:57  Marine x2, Marauder  
  146  18:07  Battlecruiser  
  146  18:10  Weapon Refit  
  146  18:12  Terran Ship Weapons Level 1  
  152  18:22  Battlecruiser  
  152  18:26  Terran Vehicle And Ship Armor Level 2  
  158  18:28  SCV  
  158  18:29  SCV x3  
  162  18:45  Marine  
  162  18:46  Marine x3, Marauder  
  162  18:47  Command Center  
  168  18:51  Marine x2  
  168  18:52  Marine, Marauder  
  173  18:55  Marine  
  173  18:56  Marauder  
  173  19:01  Marine  
  176  19:07  Marine x2  
  167  19:10  Marine x2  
  167  19:14  Liberator  
  160  19:20  Marine x2  
  167  19:26  Battlecruiser x2  
  173  19:39  Marine x5, Marauder  
  173  19:40  Marine  
  173  19:42  Raven  
  183  19:46  Raven  
  179  20:26  Battlecruiser  
  181  20:29  Battlecruiser  
  181  20:30  Battlecruiser  
  193  20:35  Marine  
  193  20:36  Marine x4, Marauder  
  200  21:13  Terran Vehicle And Ship Armor Level 3  
  200  21:15  Terran Ship Weapons Level 2  
  200  21:29  Battlecruiser  
  198  21:47  Refinery  
  198  21:48  Refinery  
  198  21:52  Hi-Sec Auto Tracking  
  198  21:58  Unknown x3  
  197  22:39  Planetary Fortress  
  187  22:50  Battlecruiser x2  
  187  22:51  Marine x2, Battlecruiser x2  
  165  22:52  Marine x6  
  165  22:53  Marine  
  165  22:54  Marauder  
  147  23:09  Marine x4  
  147  23:10  Marine x4  
  147  23:12  Marauder  
  135  23:15  Marauder  
  110  23:27  Marine x4  
  110  23:28  Marine x4  
  110  23:33  Marauder  
  104  23:45  Marine x5  
  104  23:47  Marine  
  97  23:49  Marine  
  97  23:53  Marine  
  97  23:55  Battlecruiser  
  101  24:05  Battlecruiser  
  109  24:10  Marauder  
  109  24:11  Marine x2  
  109  24:13  Marine  
  109  24:15  Marine  
  111  24:31  Marine  
  111  24:32  Marauder  
  111  24:33  Marine x3, Marauder  
  108  24:46  Marine  
  108  24:48  Marine  
  100  24:53  Marauder  
  100  24:54  Marauder  
  100  24:55  Marine  
  93  25:03  Marine  
  82  25:13  Marine x2  
  84  25:15  Marauder  
  84  25:16  Marauder  
  84  25:21  Marine x2  
  84  25:33  Marine  
  85  25:36  Marauder  
  78  25:46  Marauder  
  72  25:55  Marine  
  72  25:56  Marine  
  74  26:02  Marine x3  
  77  26:04  Marine  
  72  26:18  Orbital Command  
  72  26:29  Marine x6, Marauder  
  69  26:38  Marine x2, Marauder  
  68  26:46  Marine  
  69  26:52  Marine x2  
  69  26:53  Marauder  
  67  27:07  Marine, Marauder  
Show
View Real Time Build Order
Export as new Build Order

ViBE Zerg - Winner!

Build Orders: Hatch First 

Get SALT Encoding   

  12  0:01  Drone  
  13  0:13  Overlord  
  13  0:19  Drone  
  14  0:31  Drone  
  14  0:32  Drone  
  16  0:36  Drone  
  17  0:55  Hatchery  
  16  1:03  Drone  
  17  1:13  Spawning Pool  
  17  1:15  Drone  
  17  1:21  Drone  
  17  1:23  Drone  
  19  1:28  Extractor  
  18  1:36  Drone  
  19  1:45  Overlord  
  19  2:00  Queen  
  21  2:05  Zergling x2  
  21  2:08  Queen  
  24  2:11  Drone x3  
  27  2:27  Drone x2  
  29  2:33  Spore Crawler  
  29  2:35  Extractor  
  29  2:37  Drone, Spore Crawler  
  26  2:39  Drone x2  
  31  2:53  Zergling x2  
  31  2:54  Metabolic Boost, Zergling x2  
  32  3:00  Queen x2  
  36  3:10  Zergling x4  
  36  3:19  Overlord x2  
  34  3:27  Zergling x4  
  36  3:37  Queen  
  36  3:39  Zergling x6  
  39  3:43  Queen  
  39  3:45  Zergling x2  
  39  3:46  Zergling x2  
  41  4:04  Zergling x4  
  40  4:15  Zergling x8  
  42  4:26  Zergling x2  
  42  4:27  Queen x2  
  47  4:43  Zergling x8  
  50  5:07  Drone  
  50  5:08  Drone  
  50  5:10  Overlord  
  50  5:11  Overlord  
  50  5:12  Overlord  
  50  5:50  Lair  
  50  5:52  Zergling x24  
  61  6:11  Hatchery  
  53  6:22  Drone x10  
  59  6:27  Drone  
  60  6:40  Extractor  
  60  6:41  Drone x3, Extractor  
  60  6:43  Extractor  
  60  6:51  Drone x2  
  60  6:52  Hydralisk Den  
  61  7:00  Drone x6  
  67  7:10  Drone x2  
  67  7:12  Evolution Chamber  
  67  7:13  Evolution Chamber  
  67  7:15  Overlord  
  67  7:16  Overlord  
  67  7:23  Grooved Spines  
  67  7:24  Overlord  
  67  7:27  Drone  
  67  7:28  Baneling Nest, Drone  
  67  7:29  Drone  
  69  7:32  Zergling x2  
  69  7:33  Zergling x8  
  74  7:46  Zerg Ground Armor Level 1, Zerg Melee Weapons Level 1  
  74  7:47  Hydralisk  
  76  7:54  Zergling x10  
  81  8:03  Hydralisk x2  
  76  8:31  Extractor  
  75  8:35  Drone x10  
  85  8:42  Drone x4  
  89  8:50  Drone  
  90  8:56  Centrifical Hooks  
  90  8:57  Extractor x2  
  90  9:02  Overlord  
  85  9:03  Overlord  
  82  9:11  Drone x4  
  82  9:12  Drone x2  
  88  9:19  Muscular Augments  
  88  9:20  Baneling  
  88  9:21  Baneling x4  
  88  9:22  Baneling  
  88  9:23  Baneling x2  
  88  9:33  Hydralisk x4  
  96  9:50  Drone x12  
  108  9:57  Zerg Ground Armor Level 2  
  108  10:01  Zerg Melee Weapons Level 2  
  108  10:20  Overlord x3  
  108  10:21  Overlord  
  108  10:22  Drone  
  108  10:23  Drone  
  108  10:24  Drone  
  111  10:31  Hydralisk x3  
  111  10:32  Hatchery  
  111  10:34  Baneling x4  
  111  10:35  Baneling  
  115  10:38  Baneling  
  115  10:39  Baneling x6  
  115  10:50  Hydralisk x5  
  115  10:53  Zergling x2  
  115  10:54  Zergling x4  
  128  10:59  Baneling x9  
  128  11:00  Baneling  
  128  11:01  Baneling  
  128  11:10  Zergling x6  
  128  11:11  Zergling x12  
  137  11:25  Zergling x18  
  140  11:26  Zergling x2  
  145  11:42  Zergling x2  
  145  11:43  Zergling x12  
  145  11:46  Infestation Pit  
  151  11:51  Overlord x4  
  151  12:07  Zergling x18  
  156  12:26  Zergling x18  
  158  12:40  Hatchery  
  158  12:43  Zergling x2  
  158  12:44  Zergling x18  
  118  13:16  Zergling x2  
  118  13:17  Zergling x22  
  117  13:31  Zergling x6  
  111  13:48  Zergling x12  
  93  14:01  Hive, Hatchery  
  92  14:10  Pathogen Glands  
  92  14:11  Hydralisk, Burrow  
  92  14:12  Hydralisk x7  
  108  14:22  Hydralisk  
  109  14:40  Infestor  
  109  14:41  Infestor x11  
  133  14:46  Baneling x11  
  133  14:47  Baneling x3  
  133  14:54  Zergling x2  
  133  14:55  Zergling x6  
  129  15:06  Neural Parasite  
  129  15:16  Zerg Ground Armor Level 3, Zerg Melee Weapons Level 3  
  129  15:21  Adrenal Glands  
  129  15:32  Hatchery  
  125  15:46  Hatchery  
  124  16:03  Ultralisk Cavern  
  123  16:23  Zergling x4  
  123  16:24  Zergling x42  
  97  16:54  Infestor x5  
  97  16:55  Infestor x2  
  111  17:10  Hatchery  
  110  17:20  Chitinous Plating  
  104  17:46  Ultralisk x2  
  116  17:58  Infestor x3  
  122  18:35  Ultralisk  
  128  18:41  Hatchery  
  127  18:59  Infestor x6  
  127  19:00  Infestor x4  
  120  19:11  Hydralisk  
  120  19:12  Hydralisk x6  
  132  19:47  Zerg Missile Weapons Level 1  
  132  20:05  Hatchery  
  131  20:11  Infestor  
  131  20:12  Infestor x2  
  137  20:36  Drone x2  
  139  20:52  Spire  
  138  21:02  Hydralisk x7  
  152  21:07  Hydralisk  
  154  21:14  Overseer x2  
  154  21:15  Overseer  
  152  21:34  Hydralisk x2  
  152  21:35  Hydralisk x3  
  162  21:49  Pneumatized Carapace  
  162  22:14  Zerg Flyer Weapons Level 1  
  162  22:17  Drone  
  162  22:18  Drone  
  164  22:25  Hatchery  
  164  22:26  Extractor  
  164  22:29  Extractor  
  96  23:31  Drone  
  96  23:32  Drone x5  
  97  23:35  Drone x3, Extractor x2  
  97  23:36  Drone x3  
  99  23:47  Hydralisk x2  
  99  23:48  Hydralisk x6  
  113  24:04  Queen x3  
  113  24:05  Zerg Missile Weapons Level 2  
  121  24:15  Drone  
  121  24:16  Drone x9  
  118  24:36  Hydralisk x3  
  118  24:37  Hydralisk x3, Zergling x2  
  118  24:38  Zergling x12  
  122  25:13  Hatchery  
  121  25:19  Extractor  
  121  25:20  Drone x3  
  123  25:22  Extractor  
  123  25:25  Drone  
  123  25:26  Drone x2  
  123  25:28  Queen x5  
  113  25:36  Drone x10  
  107  25:55  Overseer  
  107  25:56  Overseer  
  100  26:35  Hatchery  
  96  26:42  Drone x15  
Tags
 
Add a new tag
Caveats
  • Supply blocks, unpowered buildings, or Contaminate may cause inaccurate times.
  • Supply counts are checked every 10 seconds.